Cogmind - Beta 15 @@@ ROGUE MODE // 2025.08.17 @ 14:33:02 Player: beans Result: Destroyed by Y-45 Defender with Heavy Assault Rifle Performance ------------- Evolutions (0) 0 Regions Visited (3) 600 Robots Destroyed (4) 20 Value Destroyed (29) 29 Prototype IDs (0) 0 Alien Tech Used (0) 0 Bonus (0) 0 TOTAL SCORE: 649 Bonus ------- None Cogmind --------- Core Integrity 0/250 Matter 129/500 Energy 100/100 System Corruption 0% Temperature Cool (0) Movement Walking (120) Location -8/Recycling Parts ------- > --- POWER (1) -------- (None) > --- PROPULSION (2) --- Carbon-fiber Leg > --- UTILITY (2) ------ High-capacity Matter Pod > --- WEAPON (2) ------- Mini Grenade Launcher > --- INVENTORY (5) ---- Advanced Visual Processing Unit Improved Targeting Computer Assault Rifle Peak State ------------ > --- POWER ------------ Ion Engine > --- PROPULSION ------- Carbon-fiber Leg Carbon-fiber Leg > --- UTILITY ---------- High-capacity Matter Pod > --- WEAPON ----------- Subdweller Machine Gun > --- INVENTORY -------- Assault Rifle [Rating: 10] Favorites ----------- Power Ion Engine Engine Ion Engine Propulsion Carbon-fiber Leg Leg Carbon-fiber Leg Utility High-capacity Matter Pod Storage High-capacity Matter Pod Weapon Assault Rifle Ballistic Gun Assault Rifle Launcher Mini Grenade Launcher Build | -11 -10 -10 -8 ------- Run | Yrd Mat Sub Rec Slots Evolved . | . . . . Power . | . . . . Propulsion . | . . . . Utility . | . . . . Weapon . | . . . . Parts Attached 9 | 3 1 2 3 Power 1 | 1 . . . Engine 1 | 1 . . . Core . | . . . . Reactor . | . . . . Propulsion 2 | . . . 2 Treads . | . . . . Leg 2 | . . . 2 Wheel . | . . . . Hover . | . . . . Flight . | . . . . Utility 1 | . 1 . . Device . | . . . . Storage 1 | . 1 . . Processor . | . . . . Hackware . | . . . . Protection . | . . . . Artifact . | . . . . Weapon 5 | 2 . 2 1 Energy Gun . | . . . . Energy Cannon . | . . . . Ballistic Gun 4 | 2 . 2 . Ballistic Cannon . | . . . . Launcher 1 | . . . 1 Special Weapon . | . . . . Impact Weapon . | . . . . Slashing Weapon . | . . . . Piercing Weapon . | . . . . Special Melee Weapon . | . . . . Unidentified Prototypes . | . . . . Parts Lost 5 | . . 2 3 Power 1 | . . . 1 Propulsion 1 | . . . 1 Utility . | . . . . Weapon 3 | . . 2 1 Highest Loss Streak 2 | . . 1 2 To Critical Strikes . | . . . . Average Backups . | . . . 1 Power . | . . . . Propulsion . | . . . . Utility . | . . . . Weapon . | . . . 1 Tool/Special . | . . . . Unused Backups 1 | 1 . . . Power . | . . . . Propulsion 1 | 1 . . . Utility . | . . . . Weapon . | . . . . Tool/Special . | . . . . Average Slot Usage (%) 53 | . 55 50 51 Engine 13 | . 14 14 13 Leg 4 | . . . 12 Storage 13 | . 12 14 14 Ballistic Gun 20 | . 28 21 10 Peak Build Rating 10 | 3 4 6 10 Average Rating 4 | 2 3 4 6 On Entrance 2 | . 3 4 4 Naked Turns . | . . . . Heaviest Build 15 | 9 13 15 13 Greatest Support 30 | 3 3 3 30 Greatest Overweight (x) 4 | 2 4 4 4 Average Overweight (x) 2 | 1 3 3 1 Largest Inventory Capacity 5 | 5 5 5 5 Average Capacity 5 | 5 5 5 5 Most Carried 4 | 2 1 2 4 Average Carried . | . . . 1 Final Capacity 5 | 5 5 5 5 Final Carried 3 | . . 1 3 Class Distribution -------------------- 100% | Mutant Dominant Class ---------------- Mutant | -10/Materials Mutant | -10/Subcaves Mutant | -8/Recycling Resources | -11 -10 -10 -8 ----------- Run | Yrd Mat Sub Rec Matter Collected 211 | 150 . 61 . Remotely . | . . . . Salvage Created 100 | 28 51 21 . Parts 9 | 4 3 2 . Haulers Intercepted 1 | . 1 . . Recyclers Shooed . | . . . . Parts Field Recycled . | . . . . Retrieved Matter . | . . . . Parts Self-Destructed 6 | . . 6 . Prevented . | . . . . Kills | -11 -10 -10 -8 ------- Run | Yrd Mat Sub Rec Combat Hostiles Destroyed 2 | . . 2 . Guns 2 | . . 2 . Classes Destroyed 3 | 1 1 1 . Tunneler 1 | 1 . . . Hauler 1 | . 1 . . Swarmer 2 | . . 2 . Best Kill Streak 2 | 1 1 2 . Combat Bots Only 2 | . . 2 . Max Kills in Single Turn 2 | 1 1 2 . Gunslinging . | . . . . Exploded . | . . . . Melee . | . . . . Uniques/NPCs Destroyed . | . . . . Combat | -11 -10 -10 -8 -------- Run | Yrd Mat Sub Rec Hostile Shots Fired 181 | . . 150 31 Missed 85 | . . 71 14 Hits 96 | . . 79 17 Projectile 96 | . . 79 17 Damage Taken 848 | . . 596 252 Core 257 | . . 164 93 Absorbed by Shields . | . . . . Core Remaining (%) 100 | 100 . . . Volleys Fired 21 | 1 4 14 2 Largest 2 | 2 2 2 1 Hottest 55 | 40 40 55 30 Shots Fired 38 | 2 8 26 2 Gun 36 | 2 8 26 . Cannon . | . . . . Launcher 2 | . . . 2 Special . | . . . . Kinetic 36 | 2 8 26 . Thermal . | . . . . Explosive 2 | . . . 2 Electromagnetic . | . . . . Robot Hit Streak 3 | 1 1 3 . Robot Miss Streak 8 | . 2 8 . Penetration Max . | . . . . Secondary Targets 1 | . . 1 . Max Gunslinging Chain 1 | . . 1 . Shots Hit Robots 13 | 1 2 10 . Core Hits 7 | 1 2 4 . Critical Kills . | . . . . Critical Parts Destroyed 1 | . . 1 . Critical Strikes 1 | . . 1 . Destroy 1 | . . 1 . Melee Attacks . | . . . . Impact . | . . . . Slashing . | . . . . Piercing . | . . . . Sneak Attacks . | . . . . Combat Hostiles . | . . . . Follow-up Attacks . | . . . . Damage Inflicted 373 | 24 52 211 86 Guns 287 | 24 52 211 . Cannons . | . . . . Explosions 86 | . . . 86 Melee . | . . . . Ramming . | . . . . Kinetic 287 | 24 52 211 . Thermal . | . . . . Explosive 86 | . . . 86 Electromagnetic . | . . . . Impact . | . . . . Slashing . | . . . . Piercing . | . . . . Highest Corruption . | . . . . Average Corruption . | . . . . Corruption Purged . | . . . . Corruption Blocked . | . . . . Overload Shots . | . . . . Overflow Damage 2 | . . . 2 Projectiles . | . . . . Explosions 2 | . . . 2 Melee . | . . . . Knockbacks . | . . . . Impact . | . . . . Kinetic . | . . . . Secondary . | . . . . Self-Inflicted Damage . | . . . . Shots . | . . . . Rammed . | . . . . Targets Rammed . | . . . . Kicked . | . . . . Crushed . | . . . . Highest Temperature 11 | . . 11 . Average Temperature 9 | . . 9 . Received Heat Transfer 531 | . . 414 117 Siege Activations . | . . . . Martial Activations . | . . . . Shielding Activations . | . . . . Robots Disrupted . | . . . . Combat Hostiles . | . . . . Robots Corrupted . | . . . . Combat Hostiles . | . . . . Parts Fried . | . . . . Impact Corruptions . | . . . . Robots Melted . | . . . . Combat Hostiles . | . . . . Parts Melted . | . . . . Heat Transferred . | . . . . Parts Sabotaged . | . . . . Parts Stolen . | . . . . Parts Stripped . | . . . . Power Chain Reactions . | . . . . Alert | -11 -10 -10 -8 ------- Run | Yrd Mat Sub Rec Maximum Alert Level . | . . . . Low Security (%) 100 | 100 100 . 100 Level 1 . | . . . . Level 2 . | . . . . Level 3 . | . . . . Level 4 . | . . . . Level 5 . | . . . . High Security . | . . . . Max Security . | . . . . Peak Influence 9 | 5 7 . 9 Initial 9 | . 3 . 9 Average . | . . . . Influence Increases 131 | 5 8 100 18 Destroy 0b10 Robot/C 40 | . . 40 . Destroy 0b10 Robot/NC 10 | 5 5 . . Destroy Leader 2 | . 2 . . Destroy Structure 19 | . 1 . 18 Lose Combat Pursuer 60 | . . 60 . Influence Decreases 122 | . 13 80 29 Entered New Map 13 | . 2 . 11 Time Decay 80 | . 11 60 9 Lost Part 29 | . . 20 9 Squads Dispatched . | . . . . Investigation . | . . . . Extermination . | . . . . Reinforcement . | . . . . Assault . | . . . . Garrison . | . . . . Intercept . | . . . . Searches Triggered . | . . . . Construction Impeded . | . . . . Haulers Reinforced . | . . . . Active Scanning Responses . | . . . . Cargo Convoy Interrupts . | . . . . Stealth | -11 -10 -10 -8 --------- Run | Yrd Mat Sub Rec Distress Signals . | . . . . Communications Jammed . | . . . . Distress Signals . | . . . . Times Spotted 12 | . 1 8 3 Peak Tracking Total 6 | . 1 6 3 Tactical Retreats 2 | . . 2 . Traps | -11 -10 -10 -8 ------- Run | Yrd Mat Sub Rec Traps Triggered . | . . . . Indirectly . | . . . . Trap Hack Attempts . | . . . . Triggered . | . . . . Disarmed . | . . . . Reprogrammed . | . . . . Reused . | . . . . Traps Extracted . | . . . . Installed . | . . . . Triggered . | . . . . Machines | -11 -10 -10 -8 ---------- Run | Yrd Mat Sub Rec Machines Disabled 1 | . . 1 . Max in Single Turn 1 | . . 1 . Machines Repaired . | . . . . Machines Dismantled . | . . . . Machines Sabotaged . | . . . . Overloaded Fab Kills . | . . . . Hacking | -11 -10 -10 -8 --------- Run | Yrd Mat Sub Rec Machines Accessed . | . . . . Terminals . | . . . . Fabricators . | . . . . Repair Stations . | . . . . Recycling Units . | . . . . Scanalyzers . | . . . . Garrison Access . | . . . . Total Hacks . | . . . . Successful . | . . . . Failed . | . . . . Catastrophic . | . . . . Database Lockouts . | . . . . Manual . | . . . . Terminals . | . . . . Fabricators . | . . . . Repair Stations . | . . . . Recycling Units . | . . . . Scanalyzers . | . . . . Garrison Access . | . . . . Terminal Hacks . | . . . . Fabricator Hacks . | . . . . Repair Station Hacks . | . . . . Recycling Unit Hacks . | . . . . Scanalyzer . | . . . . Garrison Access Hacks . | . . . . Unauthorized Hacks . | . . . . Terminals . | . . . . Fabricators . | . . . . Repair Stations . | . . . . Recycling Units . | . . . . Scanalyzers . | . . . . Garrison Access . | . . . . Data Cores Recovered . | . . . . Used . | . . . . Hacking Detections . | . . . . Full Trace Events . | . . . . Feedback Events . | . . . . Feedback Blocked . | . . . . Robot Schematics Acquired . | . . . . Robots Built . | . . . . Authchips . | . . . . Time . | . . . . Total Robot Build Rating . | . . . . Part Schematics Acquired . | . . . . Parts Built . | . . . . Authchips . | . . . . Time . | . . . . Total Part Build Rating . | . . . . Parts Repaired . | . . . . Time . | . . . . Parts Recycled . | . . . . Recycled Matter . | . . . . Retrieved Matter . | . . . . Retrieved Components . | . . . . Parts Scanalyzed . | . . . . Part Schematics Acquired . | . . . . Parts Damaged . | . . . . Bothacking | -11 -10 -10 -8 ------------ Run | Yrd Mat Sub Rec Used RIF Installer . | . . . . Robots Hacked . | . . . . Non-combat . | . . . . Combat . | . . . . Robot Hacks Applied . | . . . . Relay Couplers Released . | . . . . Fabnet Peak Effective % . | . . . . Robots Rewired . | . . . . Allies Hacked . | . . . . Hacks Repelled . | . . . . Allies | -11 -10 -10 -8 -------- Run | Yrd Mat Sub Rec Total Allies . | . . . . Largest Group . | . . . . Highest-Rated Group . | . . . . Highest-Rated Ally . | . . . . Total Orders . | . . . . Ally Attacks . | . . . . Total Damage . | . . . . Kills . | . . . . Allies Corrupted . | . . . . Allies Melted . | . . . . Intel | -11 -10 -10 -8 ------- Run | Yrd Mat Sub Rec Active Infowar (turns) . | . . . . Robot Analysis Total . | . . . . Derelict Logs Recovered . | . . . . Drone Launches . | . . . . Drone Recoveries . | . . . . Exploration | -11 -10 -10 -8 ------------- Run | Yrd Mat Sub Rec Turns Passed 681 | 53 267 151 210 Spaces Moved 316 | 39 106 44 127 Core 221 | 39 106 44 32 Treads . | . . . . Legs 95 | . . . 95 Wheels . | . . . . Hover . | . . . . Flight . | . . . . Fastest Speed 50 | 50 150 200 120 Average Speed 190 | 111 240 247 152 Slowest Speed 250 | 150 250 250 250 Overloaded Moves . | . . . . Propulsion Burnouts . | . . . . Robots Hopped . | . . . . Potential Cave-ins . | . . . . Cave-ins Triggered . | . . . . Exploration Rate (%) 15 | 4 23 5 31 Regions Visited 3 Branch Regions 2 Pre-discovered Areas . | . . . . Known Exits Taken . | . . . . Unknown Exits Taken 3 | 1 1 1 . Scrap Searched . | . . . . Spaces Dug . | . . . . Terrain Destroyed 23 | . . . 23 Melee . | . . . . Projectile . | . . . . AOE 23 | . . . 23 Terrain Rammed . | . . . . Walls Destroyed . | . . . . Machines Disabled . | . . . . Actions | -11 -10 -10 -8 --------- Run | Yrd Mat Sub Rec Total 360 | 47 111 61 141 Wait 4 | . . . 4 Move 313 | 38 105 43 127 Hop . | . . . . Pick Up 12 | 4 1 2 5 Fast Attach . | . . . . Attach 8 | 3 1 1 3 Detach . | . . . . Swap 1 | . . 1 . Drop 1 | 1 . . . Fire 21 | 1 4 14 2 Melee . | . . . . Ram . | . . . . Kick . | . . . . Crush . | . . . . Escape Stasis . | . . . . Rewire . | . . . . Trap . | . . . . Miscellaneous . | . . . . Route ------- -11/Scrapyard -10/Materials -10/Subcaves -8/Recycling History --------- Turn | Location | Event 12 | -11/Scrapyard | Discovered new exit (range 16) 54 | -11/Scrapyard | Entered Materials 298 | -10/Materials | Discovered new exit (range 6) 300 | -10/Materials | Build established: Mutant 321 | -10/Materials | Entered Subcaves 322 | -10/Subcaves | Approached by a straggling Scientist 345 | -10/Subcaves | Shifting Twisted Machinery released Battle Rifle 348 | -10/Subcaves | Shifting Twisted Machinery released Sub. Machine Gun 368 | -10/Subcaves | Discovered new exit (range 16) 407 | -10/Subcaves | Core integrity fell below 50% 472 | -10/Subcaves | Entered Recycling 625 | -8/Recycling | Core integrity fell below 20% 682 | -8/Recycling | Destroyed by Y-45 Defender with Heavy Assault Rifle Last Messages --------------- Battle Rifle destroyed. Autobeam Turret suffers critical hit (Destroy). Destroyed Autobeam. 19-SSR(c): "I think it's somewhere southwest of here" Acquired 21 matter. Acquired 6 matter. Acquired 29 matter. LOCATION=UNKNOWN GOAL=ESCAPE Acquired Carbon-fiber Leg. Y-45 Defender springs to life. Carbon-fiber Leg destroyed. Sub. Machine Gun destroyed. Acquired Imp. Targeting Computer. Acquired Adv. Visual Processing Unit. Acquired Mni. Grenade Launcher. Ion Engine destroyed. Destroyed Particle Gun. The unstable cave ceiling collapses. Map ----- +----------------------------------------------------+ | ?????????????????????????????????????????? | | ?????????????????????????????????????????? | | ?????????????????????????????????????????? | | ?????????????????????????????????????????? | | ?????????????????????????????????????????? | | ?????????????????????????????????????????? | | ?????????????????????????????????????????? | | ?????????????????????????????????????????? | | ?????????????????????????????????????????? | | ?????????????????????????????????????????? | | ?????????????????????????????????????????? | | ?????????????????????????????????????????? | | ?????????????????????????????????????????? | | ?????????????????????????????????????????? | | ?????????????????????????????????????????? | | ?????????????????????????????????????????? | | ?????????????????????????????????????????? | | ?????????????????????????????????????????? | | ?????????????????????????????????????????? | | ?????????????????????????????????????????? | | ??????????????#+#+####???????????????????? | | ??????????????# [ #???????????????????? | | ??????????????# / #???????????????????? | | ??????????????# #???????????????????? | | ??????????????# / #???????????????????? | | ??????????????# @ #???????????????????? | | ??????????????# ! #???????????????????? | | ??????????????#[ #???????????????????? | | ??????????????# % !#???????????????????? | | ??????????????# +???????????????????? | | ??????????????# #???????????????????? | | ??????????????# ???????????????????? | | ?????????????? % ??????????????????? | | ??????????????# !% ##?????????????????? | | ??????????????## g ###??????????????????? | | ??????????????? ???????????????????? | | ??????????????? ?????##????????????? | | ?????# ######### ### #????????????? | | ?????# +????????????? | | ?????# r ### #????????????? | | ?????# #??????????????????? | | ?????# """" #??????????????????? | | ?????# """" #??????????????????? | | ?????# """" #??????????????????? | | ?????# """" #??????????????????? | | ?????# """" #??????????????????? | | ?????# #??????????????????? | | ?????# #??????????????????? | | ???????## #??????????????????? | | ????????# ##?????????????????? | +----------------------------------------------------+ Best States ------------- Heat Dissipation 25 Energy Generation 10 Energy Capacity 250 Matter Stores 220 Matter Capacity 500 Sight Range 16 Terrain Scan Density 10 Evasion (%) 55 Item Schematics ----------------- None Robot Schematics ------------------ None Fabricated ------------ Nothing Repaired ---------- Nothing Alien Tech Used ----------------- None Achievements -------------- None Challenges ------------ None Game ------ Seed TowerCatalystManipulator Manual? 0 Play Time 00:04:27 Cumulative 93.8 hours Start 2025.08.17 @ 14:29:49 End 2025.08.17 @ 14:33:02 Sessions 1 Manual Loads 0 Difficulty Rogue Special Mode None Game No. 364 Rogue 364 Adventurer 0 Explorer 0 Win Type - Total 0 Types 0/0/0/0/0/0/0/0/0/0 Lore% 43 Gallery% 40 Achievement% 30 Wizard Run 0 Options --------- Layout 2 ASCII 0 Keyboard 0 Movement Mouse Keybinds 0 Fullscreen 2 Font 24/Smallcaps Map View 50x44 Zoom Use 0% Tactical HUD 0 Map Filters NONE Filters NONE Steam 1 RUN: dfb7a73b-5a5b-468a-bce7-9489925939e3